 Dungeon Crawl Stone Soup version 0.32-a0-685-g93135e86f0 (webtiles) character file.

Game seed: 7556868273399762540

16 javelincjr the Grasshopper (level 2, 22/22 HPs)
             Began as a Demonspawn Warper on Mar 12, 2024.
             Was a Follower of Sif Muna.
             Quit the game on level 1 of the Dungeon.
             The game lasted 00:02:43 (371 turns).

javelincjr the Grasshopper (Demonspawn Warper)       Turns: 371, Time: 00:02:43

Health: 22/22      AC:  4    Str: 11    XL:     2   Next: 41%
Magic:  5/5        EV: 11    Int: 13    God:    Sif Muna [*.....]
Gold:   22         SH:  0    Dex: 12    Spells: 5/5 levels left

rFire   . . .        a - +0 spear
rCold   . . .        (no shield)
rNeg    . . .        b - +0 leather armour
rPois   .            (no helmet)
rElec   .            (no cloak)
rCorr   .            (no gloves)
SInv    .            (no boots)
Will    .....        (no amulet)
Stlth   +            (no ring)
HPRegen 0.23/turn    (no ring)
MPRegen 0.09/turn

%: no passive effects
@: no status effects
A: sharp scales 1
a: Renounce Religion, Channel Magic


You were on level 1 of the Dungeon.
You worshipped Sif Muna.
Sif Muna was aware of your devotion.
You visited 1 branch of the dungeon, and saw 1 of its levels.

You collected 22 gold pieces.

Inventory:

Hand Weapons
 a - a +0 spear (weapon)
Missiles
 d - 7 darts of dispersal (quivered)
Armour
 b - a +0 leather armour (worn)
Scrolls
 c - a scroll of blinking
 e - a scroll of noise {unknown}
Potions
 f - a potion of invisibility {unknown}


   Skills:
 * Level 2.2 Fighting
 + Level 2.0 Polearms
 - Level 1.0 Throwing
 + Level 1.1 Armour
 + Level 1.9 Dodging
 + Level 2.1 Spellcasting
 + Level 2.8 Translocations


You had 5 spell levels left.
You didn't know any spells.
Your spell library contained the following spells:

 Spells                   Type           Power      Damage    Failure   Level
 Blink                    Tloc           16%        N/A       16%         2
 Lesser Beckoning         Tloc           16%        N/A       16%         2
 Teleport Other           Tloc           8%         N/A       30%         3
 Manifold Assault         Tloc           8%         N/A       71%         4
 Vhi's Electric Charge    Tloc/Air       10%        N/A       88%         4


Dungeon Overview and Level Annotations

Branches:
Dungeon (1/15)

Altars:
Sif Muna


Innate Abilities, Weirdness & Mutations

You are partially covered in razor-sharp scales. (AC +1, Slay +1)


Message History

The jackal is severely wounded.
The jackal bites you but does no damage.
You barely miss the jackal.
The jackal is severely wounded.
The jackal barely misses you. x2
You hit the jackal.
You kill the jackal!
Things that are here:
a jackal corpse; a jackal corpse
Found 15 gold pieces.
e - a scroll labelled POHOXU ROHOH You now have 22 gold pieces (gained 15).
A hobgoblin comes into view.
The hobgoblin moves out of view.
Found a red potion.
Found a stone staircase leading down.
The eye of devastation turns its gaze towards you.
You reach to attack!
You closely miss the hobgoblin. You closely miss the hobgoblin.
The hobgoblin misses you.
You barely miss the hobgoblin. The hobgoblin barely misses you.
You hit the hobgoblin.
The hobgoblin is severely wounded.
The hobgoblin barely misses you.
You hit the hobgoblin.
You kill the hobgoblin!
Found a faded altar of an unknown god.
The shining eye turns its gaze towards you.
The golden eye turns its gaze towards you. x2
Found a brown potion.
The golden eye pulsates ominously.
The golden eye pulsates ominously.
f - a red potion The golden eye pulsates ominously.
There is a faded altar of an unknown god here.
This altar belongs to (a) Trog, (b) Jiyva or (c) Sif Muna, but you can't tell which.
Press the corresponding letter to learn more about a god, or press enter to convert or escape to cancel.
Okay, then.
This altar belongs to (a) Trog, (b) Jiyva or (c) Sif Muna, but you can't tell which.
Press the corresponding letter to learn more about a god, or press enter to convert or escape to cancel.
Sif Muna accepts your prayer! Sif Muna welcomes you!
You can now call upon Sif Muna for magical energy.
Are you sure you want to abandon this character and quit the game? (Confirm with "yes".)

## ## ###.###.# ##
....... ...
###...###.## #
#G#...#G#..#### ###
...###...###....!. ..
##............# ####
.......@......# #...
#.............# #.##
...###...###..# #.##
#.
#G#...#G#..#######.##
.
###...###.†.........#
.........###########
.#......... ..## #
######>##. .....# ...
. ......


You could see a shining eye, an eye of devastation and 2 golden eyes.

Vanquished Creatures
  A bat (D:1)
  An endoplasm (D:1)
  A giant cockroach (D:1)
  A hobgoblin (D:1)
  5 jackals (D:1)
  A ball python (D:1)
  2 goblins (D:1)
  A kobold (D:1)
  A rat (D:1)
14 creatures vanquished.

Notes
Turn   | Place    | Note
-------+----------+-------------------------------------------
     0 | D:1      | javelincjr the Demonspawn Warper began the quest for the
                  | Orb.
     0 | D:1      | Reached XP level 1. HP: 16/16 MP: 3/3
    47 | D:1      | Reached skill level 1 in Throwing
    64 | D:1      | Reached skill level 1 in Armour
   245 | D:1      | Gained mutation: You are partially covered in razor-sharp
                  | scales. (AC +1, Slay +1) [demonic ancestry]
   245 | D:1      | Reached XP level 2. HP: 19/22 MP: 5/5
   353 | D:1      | Noticed an eye of devastation
   360 | D:1      | Found a faded altar of an unknown god.
   361 | D:1      | Noticed a shining eye
   361 | D:1      | Noticed a golden eye
   361 | D:1      | Noticed a golden eye
   370 | D:1      | Prayed at the altar of an unknown god.
   370 | D:1      | Became a worshipper of Sif Muna the Loreminder
   370 | D:1      | Reached * piety under Sif Muna
   371 | D:1      | Quit the game

Illustrated notes

Levels and vault maps discovered:
D:1:      minmay_arrival_stone_box, layout_basic,
          hellmonk_ecumenical_altar_watching_god

Skill      XL: |  1  2 |
---------------+-------+-----
Throwing       | 1 |  1.0
Armour         | 1 |  1.1
Polearms       | 2 |  2.0
Fighting       | |  2.2
Dodging        | |  1.9
Spellcasting   | |  2.1
Translocations | |  2.8

Action                     || total
---------------------------++-------
  Melee: Spear             ||    61
 Armour: Leather armour    ||    28
  Dodge: Dodged            ||    41

Table legend: (Time is in decaauts)
 A = Elapsed time spent in this place.
 B = Non-inter-level travel time spent in this place.
 C = Inter-level travel time spent in this place.
 D = Time resting spent in this place.
 E = Time spent auto-exploring this place.
 F = Levels seen in this place.
 G = Mean time per level.
                   A        B        C        D        E       F      G
               +--------+--------+--------+--------+--------+-----+--------+
         Total |    371 |    371 |      0 |      0 |    252 |   1 |  371.0 |
       Dungeon |    371 |    371 |      0 |      0 |    252 |   1 |  371.0 |
               +--------+--------+--------+--------+--------+-----+--------+

Top non-repeatable levels by time:
     D:1: 371 daAuts
